AoeStats
← die trying

Arabia

508692993Analyzed
1v1 RM · 8d ago on Sep 23, 2026· 33m 32s· 2 players
Game mode
Random Map
Map size
Tiny (2 player)
Population
200
Speed
Normal
Resources
Standard
Victory
Conquest
Starting age
Dark Age
Ending age
Imperial Age
RankedLock teamsTeams togetherTeam positionsShared explorationLock speedFull tech treeHidden civsTurbo modeCheats
Victory
Defeat
🇨🇱 Mongols · Chile
1880
+14
🇦🇷 Vietnamese · Argentina
1831
-14
★ DrumM ❿
5:09 Loom
9:07 Feudal Age
10:06 Double-Bit Axe
14:22 Town Watch
14:55 Fletching
18:04 Padded Archer Armor
20:17 Horse Collar
24:34 Castle Age
23:45 Gold Mining
25:20 Bodkin Arrow
24:46 Elite Skirmisher
27:01 Leather Archer Armor
27:51 Wheelbarrow
27:38 Ballistics
die trying
2:04 Loom
8:06 Feudal Age
8:17 Man-at-Arms
10:24 Town Watch
12:19 Double-Bit Axe
12:28 Fletching
13:46 Double-Bit Axe
17:27 Horse Collar
22:31 Castle Age
22:05 Gold Mining
22:26 Bloodlines
23:02 Scale Barding Armor
23:19 Husbandry
23:36 Bow Saw
24:51 Chain Barding Armor
28:50 Wheelbarrow
28:39 Husbandry
30:39 Bodkin Arrow
33:16 Stone Mining
33:33 Padded Archer Armor
Connection lost

Rejoining the realm…

Still unreachable

The connection could not be restored.

Session expired

The server has moved on; the page needs a fresh start.